 Dungeon Crawl Stone Soup version 0.13-a0-2979-gb6a86b3 (webtiles) character file.

5452 PolkaDot the Cloud Mage (level 10, -2/61 HPs)
             Began as a Vampire Wizard on Sept 7, 2013.
             Was an Elder of Vehumet.
             Slain by a naga warrior
             ... wielding a +1,+0 whip
              (16 damage)
             ... on Level 10 of the Dungeon.
             The game lasted 01:23:07 (9869 turns).

PolkaDot the Cloud Mage (Vampire Wizard)            Turns: 9869, Time: 01:23:07

HP  -2/61        AC  5     Str  6      XL: 10   Next: 23%
MP  24/24        EV 13     Int 25      God: Vehumet [****..]
Gold 672         SH  0     Dex 18      Spells:  6 memorised,  1 level left

Res.Fire  : . . .   See Invis. : +   u - +0,+3 orc short sword (speed)
Res.Cold  : . . .   Warding    : .   a - +0 robe
Life Prot.: . . .   Conserve   : .   (no shield)
Res.Poison: .       Res.Corr.  : .   b - +1 wizard hat
Res.Elec. : .       Clarity    : .   z - +0 cloak {MR+}
Sust.Abil.: . .     Spirit.Shd : .   (no gloves)
Res.Mut.  : .       Stasis     : .   i - +0 pair of boots
Res.Rott. : .       Flight     : .   (no amulet)
Saprovore : . . .                    n - +4 ring of dexterity
                                     r - +2 ring of intelligence

@: regenerating quickly, very slightly contaminated, hasted, very quick, quite
resistant to hostile enchantments, stealthy
A: bottle blood, fangs 3, see invisible, unbreathing, Dex +2
a: Bottle Blood, Renounce Religion


You were on level 10 of the Dungeon.
You worshipped Vehumet.
Vehumet was extremely pleased with you.
You were very full.

You visited 1 branch of the dungeon, and saw 10 of its levels.

You collected 652 gold pieces.

Inventory:

Hand weapons
 u - a +0,+3 orcish short sword of speed (weapon)
 A - a +3,+2 dagger of freezing (quivered)
Armour
 a - a +0 robe (worn)
 b - a +1 wizard hat (worn)
 i - a +0 pair of boots (worn)
 z - a +0 cloak of magic resistance (worn)
Magical devices
 d - a wand of hasting (3)
 k - a wand of lightning (2) {unknown}
 p - a wand of teleportation (5)
 t - a wand of random effects (14) {unknown}
Scrolls
 f - 2 scrolls of magic mapping
 g - a scroll of remove curse
 l - 5 scrolls of teleportation
 x - 2 scrolls of enchant armour
 B - a scroll of amnesia
 C - 2 scrolls of recharging
 F - a scroll of immolation {unknown}
Jewellery
 n - a +4 ring of dexterity (right hand)
 r - a +2 ring of intelligence (left hand)
 v - an uncursed ring of hunger
 E - a +0,+5 ring of slaying {unknown}
Potions
 o - 2 potions of curing
 q - a potion of brilliance {unknown}
 s - 22 potions of blood
Books
 c - a book of Minor Magic

   Spells                             Type                      Level
   Magic Dart                         Conjuration                  1
   Blink                              Translocation                2
   Call Imp                           Summoning                    2
   Repel Missiles                     Charms/Air                   2
   Slow                               Hexes                        2
   *Conjure Flame                     Conjuration/Fire             3
   *Mephitic Cloud                    Conjuration/Poison/Air       3
 j - a book of the Tempests

   Spells                             Type                      Level
   *Static Discharge                  Conjuration/Air              3
   *Lightning Bolt                    Conjuration/Air              5
   Fireball                           Conjuration/Fire             5
   Tornado                            Air                          9
   Shatter                            Earth                        9
 y - a book of Beasts

   Spells                             Type                      Level
   Summon Butterflies                 Summoning                    1
   Sticks to Snakes                   Transmutation                2
   Call Canine Familiar               Summoning                    3
   Ice Form                           Ice/Transmutation            4
   Summon Ice Beast                   Ice/Summoning                4
   Summon Hydra                       Summoning                    7
 D - a book of the Dragon

   Spells                             Type                      Level
   Flight                             Charms/Air                   3
   Cause Fear                         Hexes                        4
   Bolt of Fire                       Conjuration/Fire             6
   Dragon Form                        Transmutation                7
   Summon Dragon                      Summoning                    9
 H - a book of Clouds

   Spells                             Type                      Level
   *Mephitic Cloud                    Conjuration/Poison/Air       3
   *Conjure Flame                     Conjuration/Fire             3
   Poisonous Cloud                    Conjuration/Poison/Air       6
   Freezing Cloud                     Conjuration/Ice/Air          6
   Ring of Flames                     Charms/Fire                  7


   Skills:
 - Level 2.1 Dodging
 - Level 3.0 Stealth
 * Level 5.7 Spellcasting
 - Level 6.8 Conjurations
   Level 1.0 Summonings
   Level 0.7 Translocations
 - Level 4.1 Fire Magic
 + Level 9.1 Air Magic
 + Level 2.4 Poison Magic


You had one spell level left.
You knew the following spells:

 Your Spells              Type           Power        Failure   Level  Hunger
a - Sting                 Conj/Pois      ####         1%          1    None
d - Conjure Flame         Conj/Fire      ####....     1%          3    #......
f - Mephitic Cloud        Conj/Pois/Air  #####...     1%          3    #......
q - Static Discharge      Conj/Air       #####...     1%          3    #......
s - Throw Icicle          Conj/Ice       ###.....     6%          4    ###....
w - Lightning Bolt        Conj/Air       #####.....   3%          5    #####..


Dungeon Overview and Level Annotations

Branches:
Dungeon (10/27)            Temple (0/1) D:6             Orc (0/4) D:10
   Lair: D:8-13

Altars:
Ashenzari
Fedhas
Kikubaaqudgha
Makhleb
Okawaru
Sif Muna
Trog
Vehumet
Xom
Yredelemnul
the Shining One

Shops:
D:4 (   D:5 }


Innate Abilities, Weirdness & Mutations

Your natural rate of healing is unusually fast.
You can bottle blood from corpses.
You have razor-sharp teeth.*
You have supernaturally acute eyesight.
You can survive without breathing.*
You are agile. (Dex +2)


Message History

Drink which item? (? for menu, Esc to quit)
You feel yourself speed up. The naga warrior spits poison at you.
The splash of poison misses you.
You are very lightly contaminated with residual magic.
Drink which item? (? for menu, Esc to quit)
You feel better. The naga warrior spits poison at you.
The splash of poison hits you!
You are poisoned.
Drink which item? (? for menu, Esc to quit)
You feel better. The naga warrior spits poison at you.
The splash of poison misses you.
Drink which item? (? for menu, Esc to quit)
You feel better.
The naga warrior hits you from afar with a spear!
* * * LOW HITPOINT WARNING * * *
The naga warrior hits you with a whip!
You die...

#..# #....#.......#... #
#..# #....#.......#..
###..# #....#.......#
.....######....#'#######.
#........................
#........................
#......##################
#......#>..C♣.♣..N..♣..>#
#......###....N.@♣.c..###
.........#♣.§.♣......♣#
.........##......♣...##
.........#>#..♣.♣...#>#
.........###........###
..........##♣.♣....♣#
...#####...##..♣...##
...#...#...###♣__♣##
...#...#...# ###


You could see 2 naga warriors, a hill giant (confused) and a centaur warrior
(confused).

Vanquished Creatures
  An unseen horror (D:10)
  Grinder (D:3)
  3 yaks (D:9)
  A hungry ghost (D:7)
  2 hippogriffs (D:7)
  A necrophage (D:5)
  Edmund (D:7)
  An orc warrior (D:10)
  3 ice beasts
  2 sky beasts
  2 centaurs (D:5)
  A black bear (D:4)
  2 water moccasins (D:7)
  A big kobold (D:10)
  A komodo dragon zombie (D:9)
  4 giant frogs
  5 goliath beetles
  2 crimson imps
  3 hounds
  3 wights (D:7)
  A scorpion (D:8)
  Crazy Yiuf (D:7)
  4 orc priests (D:10)
  A gnoll shaman (D:7)
  2 jellies
  5 orc wizards (D:10)
  13 worker ants
  3 iguanas
  An ogre zombie (D:6)
  Ijyb (D:3)
  Terence (D:3)
  A worker ant zombie (D:9)
  10 gnolls
  11 adders
  A giant mite (D:7)
  3 worms
  2 adder zombies
  5 giant eyeballs
  4 giant geckos
  2 oozes
  41 orcs
  A ball python (D:4)
  4 giant cockroaches
  12 goblins
  12 hobgoblins
  13 jackals
  6 quokkas
  11 bats
  A giant gecko skeleton (D:4)
  A giant newt (D:2)
  A giant spore (D:7)
  15 kobolds
  An orc zombie (D:7)
  15 rats
246 creatures vanquished.

Notes
Turn   | Place    | Note
--------------------------------------------------------------
     0 | D:1      | PolkaDot, the Vampire Wizard, began the quest for the Orb.
     0 | D:1      | Reached XP level 1. HP: 11/11 MP: 6/6
    82 | D:1      | Reached skill level 1 in Conjurations
   289 | D:1      | Reached XP level 2. HP: 17/17 MP: 5/8
  1177 | D:2      | Reached XP level 3. HP: 22/22 MP: 6/10
  1322 | D:2      | Learned a level 3 spell: Conjure Flame
  1736 | D:2      | Reached XP level 4. HP: 28/28 MP: 8/12
  1747 | D:2      | Learned a level 3 spell: Mephitic Cloud
  2202 | D:3      | Noticed Grinder
  2218 | D:3      | Killed Grinder
  2218 | D:3      | Reached skill level 4 in Conjurations
  2218 | D:3      | Reached XP level 5. HP: 21/33 MP: 4/13
  2218 | D:3      | Reached XP level 6. HP: 24/39 MP: 4/15
  2286 | D:3      | Noticed Ijyb
  2348 | D:3      | Killed Ijyb
  2587 | D:3      | Found a blossoming altar of Fedhas.
  2694 | D:3      | Noticed Terence
  2765 | D:3      | Killed Terence
  2849 | D:3      | Reached skill level 5 in Conjurations
  3314 | D:4      | Learned a level 3 spell: Static Discharge
  3463 | D:4      | Found a glowing golden altar of the Shining One.
  3463 | D:4      | Found a shattered altar of Ashenzari.
  3464 | D:4      | Found a burning altar of Makhleb.
  3467 | D:4      | Found an ancient bone altar of Kikubaaqudgha.
  3471 | D:4      | Found a radiant altar of Vehumet.
  3471 | D:4      | Found a basalt altar of Yredelemnul.
  3480 | D:4      | Became a worshipper of Vehumet
  3555 | D:4      | Reached skill level 1 in Air Magic
  3669 | D:4      | Paralysed by a giant eyeball for 4 turns
  3729 | D:4      | Reached skill level 1 in Fire Magic
  3766 | D:4      | Reached XP level 7. HP: 37/44 MP: 10/17
  3865 | D:4      | Found Emadoix's Weapon Boutique.
  4043 | D:5      | Entered Level 5 of the Dungeon
  4613 | D:5      | Acquired Vehumet's first power
  4613 | D:5      | Offered knowledge of Freeze by Vehumet.
  4614 | D:5      | Found Kusang's Gadget Shoppe.
  4649 | D:5      | Found a shimmering altar of Xom.
  4703 | D:5      | Found a bloodstained altar of Trog.
  4825 | D:5      | Reached XP level 8. HP: 50/50 MP: 13/18
  5044 | D:5      | Reached skill level 5 in Air Magic
  5236 | D:6      | Reached skill level 6 in Air Magic
  5399 | D:6      | Found a staircase to the Ecumenical Temple.
  5905 | D:6      | Found a deep blue altar of Sif Muna.
  6473 | D:7      | Noticed Crazy Yiuf
  6483 | D:7      | Killed Crazy Yiuf
  6566 | D:7      | Offered knowledge of Sting by Vehumet.
  6623 | D:7      | Reached skill level 7 in Air Magic
  6623 | D:7      | Reached XP level 9. HP: 53/55 MP: 8/19
  6795 | D:7      | Learned a level 1 spell: Sting
  7253 | D:7      | Reached skill level 8 in Air Magic
  7373 | D:7      | Noticed Edmund
  7388 | D:7      | Killed Edmund
  8605 | D:9      | Offered knowledge of Inner Flame by Vehumet.
  8719 | D:9      | Gained mutation: You are agile. (Dex +2) [potion of beneficial mutation]
  8814 | D:9      | Learned a level 5 spell: Lightning Bolt
  8969 | D:9      | Reached skill level 1 in Poison Magic
  8977 | D:9      | Acquired Vehumet's second power
  9233 | D:10     | Entered Level 10 of the Dungeon
  9312 | D:10     | Reached XP level 10. HP: 42/61 MP: 17/23
  9387 | D:10     | Offered knowledge of Olgreb's Toxic Radiance by Vehumet.
  9399 | D:10     | Noticed a hill giant
  9520 | D:10     | Noticed an unseen horror
  9526 | D:10     | Killed an unseen horror
  9526 | D:10     | Reached skill level 5 in Spellcasting
  9526 | D:10     | Reached skill level 9 in Air Magic
  9671 | D:10     | Acquired Vehumet's third power
  9770 | D:10     | Found a staircase to the Orcish Mines.
  9817 | D:10     | Offered knowledge of Throw Icicle by Vehumet.
  9839 | D:10     | Learned a level 4 spell: Throw Icicle
  9853 | D:10     | Noticed a centaur warrior
  9854 | D:10     | Noticed a naga warrior
  9854 | D:10     | Noticed a naga warrior
  9857 | D:10     | Found an iron altar of Okawaru.
  9857 | D:10     | Found an iron altar of Okawaru.
  9869 | D:10     | Slain by a naga warrior

Action                   |  1- 3 |  4- 6 |  7- 9 | 10-12 || total
-------------------------+-------+-------+-------+-------++-------
Melee: Unarmed           |     2 |       |       |       ||     2
       Short sword       |     6 |     9 |       |    23 ||    38
       Spear             |       |    80 |    22 |       ||   102
       Long sword        |       |       |    57 |       ||    57
       Dagger            |       |       |    28 |       ||    28
 Cast: Magic Dart        |   100 |   111 |   197 |     6 ||   414
       Conjure Flame     |     1 |     3 |    17 |       ||    21
       Static Discharge  |       |     6 |    63 |     5 ||    74
       Mephitic Cloud    |       |     1 |     6 |     2 ||     9
       Sting             |       |       |   108 |    62 ||   170
       Lightning Bolt    |       |       |     1 |     7 ||     8
 Abil: Bottle Blood      |       |     7 |    37 |    25 ||    69
Evoke: Wand              |       |     2 |     1 |       ||     3
  Use: Potion            |       |     8 |    44 |    12 ||    64
       Scroll            |       |    11 |    10 |     3 ||    24
 Stab: Sleeping          |     1 |     5 |       |       ||     6
       Confused          |       |     1 |     1 |       ||     2
       Invisible         |       |       |     4 |       ||     4
